 Dungeon Crawl Stone Soup version 0.25-a0-502-g6516661a7a (webtiles) character file.

Game seed: 91266874984491986, levelgen mode: deterministic

854 mopl the Digger (level 7, -3/46 HPs)
             Began as a Demonspawn Earth Elementalist on Feb 12, 2020.
             Slain by an iguana (13 damage)
             ... on level 4 of the Dungeon.
             The game lasted 00:10:22 (4237 turns).

mopl the Digger (Demonspawn Earth Elementalist)     Turns: 4237, Time: 00:10:22

Health: -3/46      AC:  3    Str:  9    XL:     7   Next: 70%
Magic:  3/14       EV: 12    Int: 18    God:
Gold:   156        SH:  4    Dex: 13    Spells: 6/16 levels left

rFire    . . .     SeeInvis .   a - +0 dagger (curse)
rCold    . . .     Gourm    .   v - +0 buckler
rNeg     . . .     Faith    .   d - +0 robe
rPois    .         Spirit   .   (helmet restricted)
rElec    .         Reflect  .   e - +0 cloak
rCorr    .         Harm     .   (no gloves)
MR       .....                  (no boots)
Stlth    ++........             (no amulet)
HPRegen  0.15/turn              (no ring)
MPRegen  0.14/turn              (no ring)

@: very slightly contaminated
A: antennae 2, claws 2, hooves 1, spiny 1
a: no special abilities


You were on level 4 of the Dungeon.
You were not hungry.

You visited 1 branch of the dungeon, and saw 5 of its levels.

You collected 156 gold pieces.

Inventory:

Hand Weapons
 a - a cursed +0 dagger (weapon)
 l - a +0 trident
 s - a +1 dagger of freezing
 A - a +3 dagger of flaming
Missiles
 B - 2 boomerangs (quivered)
Armour
 d - a +0 robe (worn)
 e - a +0 cloak (worn)
 t - a +2 leather armour of cold resistance
 v - a +0 buckler (worn)
Wands
 x - a wand of polymorph (6)
 y - a wand of iceblast (10)
Scrolls
 f - a scroll of remove curse {unknown}
 g - 2 scrolls of teleportation
 m - 2 scrolls of enchant armour
 q - a scroll of magic mapping {unknown}
 w - a scroll of immolation {unknown}
 z - a scroll of blinking {unknown}
Potions
 b - a potion of lignification {!q}
 i - a potion of magic
 j - a potion of haste {unknown}
 k - 2 potions of curing {unknown}
 n - 2 potions of heal wounds {unknown}
 o - 2 potions of degeneration {unknown}
 p - a potion of resistance {unknown}
 r - 3 potions of cancellation {unknown}
Comestibles
 c - 5 rations


   Skills:
 - Level 1.7 Dodging
 - Level 1.7 Stealth
 + Level 2.1 Shields
 + Level 5.1 Spellcasting
 + Level 2.4 Conjurations
 + Level 2.4 Transmutations
 + Level 5.4 Earth Magic


You had 6 spell levels left.
You knew the following spells:

 Your Spells              Type           Power        Failure   Level  Hunger
a - Sandblast             Erth           ###...       1%          1    None
b - Stone Arrow           Conj/Erth      ###...       10%         3    ##.....
c - Petrify               Tmut/Erth      ###.....     32%         4    ####...
p - Passwall              Tmut/Erth      ###.....     4%          2    #......

Your spell library contained the following spells:

 Spells                   Type           Power        Failure   Level  Hunger
 Magic Dart               Conj           ##..         6%          1    None
 Blink                    Tloc           N/A          26%         2    #......
 Call Imp                 Summ           #.......     26%         2    #......
 Slow                     Hex            #.......     26%         2    #......
 Conjure Flame            Conj/Fire      #.......     30%         3    ##.....
 Mephitic Cloud           Conj/Pois/Air  #.......     36%         3    ##.....
 Lee's Rapid Deconstruct  Erth           ###.......   45%         5    ######.


Dungeon Overview and Level Annotations

Branches:
Dungeon (5/15)
 Temple: D:4-7

Altars:
Ashenzari
Xom


Innate Abilities, Weirdness & Mutations

You have a pair of antennae on your head.
You have very sharp fingernails.
You have large cloven feet.
You are partially covered in sharp spines.


Message History

Aim: an iguana You throw a poisoned dart.
The poisoned dart hits the iguana.
The iguana is poisoned.
Unknown command.
Throwing (i - inventory. (/) - cycle)
h - 2 poisoned darts (quivered)
Press: ? - help, Shift-Dir - straight line, f/p - iguana
Aim: an iguana (poisoned)
You throw a poisoned dart. The poisoned dart hits the iguana.
The iguana looks even sicker.
The iguana is struck by your spines. The iguana bites you.
* * * LOW HITPOINT WARNING * * *
Unknown command.
Throwing (i - inventory. (/) - cycle)
h - a poisoned dart (quivered)
Press: ? - help, Shift-Dir - straight line, f/p - iguana
Aim: an iguana (heavily wounded, very poisoned)
You throw a poisoned dart. The poisoned dart hits the iguana.
The iguana looks even sicker.
The iguana is heavily wounded.
The iguana bites you!
You die...

.# #......#.#
#######.........{ . .$
.....##.# #.........#......
.#. #..##[####.####........###
... #.............#.#....[##
#.###.....................####
#...?.#.#.####.##.#.#.#.#.#(..
###.#.#.#.# ##.##.#.....#.#.##
#.#O#.#.###..#...##.###.#.#
#(#.#.#....@...#....# #.#.#
......(..#.#####l##...####
#.#.# ######(###.# #(###.##
###.#.# #(# #.# #.# #.#
#...#(# #.# #.#####.###.#
#.###.# #.# #...........# #.#
#.# .(# #######.##### #.# #.#
.## #.# ####.###.# #.#
#..).....#


You could see an iguana.

Vanquished Creatures
  3 ogres (D:4)
  A water moccasin zombie (D:5)
  2 scorpions
  A howler monkey (D:5)
  A hound (D:4)
  3 orc priests (D:3)
  An orc wizard (D:3)
  Jessica (D:2)
  An iguana (D:3)
  2 worker ants
  A gnoll (D:1)
  3 adders
  A shadow imp (D:5)
  5 worms
  A dart slug (D:2)
  3 leopard geckos
  12 orcs
  7 bats
  4 giant cockroaches
  5 goblins
  9 hobgoblins
  A jackal (D:5)
  A quokka (D:4)
  5 frilled lizards
  8 kobolds
  A leopard gecko zombie (D:5)
  11 rats
94 creatures vanquished.

Notes
Turn   | Place    | Note
-------+----------+-------------------------------------------
     0 | D:1      | mopl the Demonspawn Earth Elementalist began the quest for
                  | the Orb.
     0 | D:1      | Reached XP level 1. HP: 13/13 MP: 3/3
   145 | D:1      | Reached skill level 3 in Earth Magic
   145 | D:1      | Gained mutation: You are partially covered in sharp spines.
                  | [demonic ancestry]
   145 | D:1      | Reached XP level 2. HP: 18/19 MP: 1/5
   153 | D:1      | Learned a level 2 spell: Passwall
   556 | D:1      | Gained mutation: You have sharp fingernails. [demonic
                  | ancestry]
   556 | D:1      | Reached XP level 3. HP: 24/24 MP: 5/7
   631 | D:1      | Learned a level 3 spell: Stone Arrow
   775 | D:2      | Reached skill level 3 in Spellcasting
   871 | D:2      | Gained mutation: You have very sharp fingernails. [demonic
                  | ancestry]
   871 | D:2      | Reached XP level 4. HP: 7/30 MP: 4/8
  1311 | D:2      | Noticed Jessica
  1317 | D:2      | Killed Jessica
  1397 | D:2      | Reached skill level 4 in Earth Magic
  1738 | D:3      | Found a shimmering altar of Xom.
  1741 | D:3      | Gained mutation: You have a pair of small antennae on your
                  | head. [demonic ancestry]
  1741 | D:3      | Reached XP level 5. HP: 35/35 MP: 6/10
  1790 | D:3      | Found a shattered altar of Ashenzari.
  1976 | D:3      | Reached skill level 4 in Spellcasting
  2562 | D:3      | Gained mutation: You have a pair of antennae on your head.
                  | [demonic ancestry]
  2562 | D:3      | Reached XP level 6. HP: 39/41 MP: 5/12
  2867 | D:4      | Learned a level 4 spell: Petrify
  2910 | D:4      | Reached skill level 1 in Transmutations
  3028 | D:4      | Reached skill level 1 in Conjurations
  3028 | D:4      | Reached skill level 5 in Earth Magic
  3060 | D:4      | Reached skill level 1 in Shields
  3331 | D:5      | Entered Level 5 of the Dungeon
  3334 | D:5      | HP: 2/41 [poisoned by an adder]
  3661 | D:5      | Gained mutation: You have large cloven feet. [demonic
                  | ancestry]
  3661 | D:5      | Reached XP level 7. HP: 44/46 MP: 1/14
  3948 | D:5      | Reached skill level 2 in Transmutations
  4210 | D:4      | Reached skill level 5 in Spellcasting
  4210 | D:4      | Reached skill level 2 in Conjurations
  4232 | D:4      | Reached skill level 2 in Shields
  4237 | D:4      | Slain by an iguana

Levels and vault maps discovered:
D:1:      evilmike_arrival_run_for_it, layout_rooms, hangedman_glass_teeth
D:2:      minmay_alternating_diamond, layout_basic, first_ration,
          grunt_ministairs_2, minivault_27, uniq_jessica
D:3:      layout_basic, brannock_xom_greatest_gift, evilmike_ruin_ashenzari
D:4:      layout_loops_ring, chequers_temple_overflow_statue_of_worship,
          serial_shops, shop
D:5:      layout_basic, lemuel_coloured_pillars_altar, minivault_5, minmay_bent

Skill      XL: |  1  2  3  4  5  6  7 |
---------------+----------------------+-----
Earth Magic    | 3 4 5 |  5.4
Spellcasting   | 3 4 5 |  5.1
Transmutations | 1 2 |  2.4
Conjurations   | 1 2 |  2.4
Shields        | 1 2 |  2.1
Dodging        | |  1.7
Stealth        | |  1.7

Action                   |  1- 3 |  4- 6 |  7- 9 || total
-------------------------+-------+-------+-------++-------
Melee: Unarmed           |    23 |       |       ||    23
       Dagger            |       |    60 |    15 ||    75
       Trident           |       |     1 |       ||     1
       Kick              |       |       |     4 ||     4
Throw: Dart              |    33 |    18 |    27 ||    78
 Cast: Sandblast         |    29 |    53 |       ||    82
       Stone Arrow       |       |     2 |    10 ||    12
       Petrify           |       |       |     1 ||     1
  Use: Scroll            |       |     2 |     2 ||     4
 Stab: Sleeping          |       |     5 |       ||     5
  Eat: Chunk             |       |     7 |     1 ||     8
       Ration            |       |       |     1 ||     1
Armor: Robe              |    10 |    19 |     3 ||    32
Dodge: Dodged            |    20 |    54 |    19 ||    93
Block: Buckler           |       |     6 |     8 ||    14

Table legend:
 A = Non-vault XP
 B = Vault XP
 C = Vault XP percentage of total XP
 D = Non-vault monster count
 E = Vault monster count
 F = Vault count percentage of total count
                 A         B        C        D         E       F
            +---------+---------+-------+---------+---------+-------
      Total |    1086 |     134 |  11.0 |      84 |      10 |  10.6
            +---------+---------+-------+---------+---------+-------
        D:1 |      40 |       5 |  11.1 |      19 |       1 |   5.0
        D:2 |      97 |      49 |  33.6 |      25 |       7 |  21.9
        D:3 |     235 |       0 |   0.0 |      21 |       0 |   0.0
        D:4 |     518 |       0 |   0.0 |       9 |       0 |   0.0
        D:5 |     196 |      80 |  29.0 |      10 |       2 |  16.7
            +---------+---------+-------+---------+---------+-------
